[Event "Live Chess"]
[Site "Chess.com"]
[Date "2024.06.02"]
[Round "-"]
[White "Ziipyyy"]
[Black "Tatarinov_Maxim"]
[Result "0-1"]
[WhiteElo "1301"]
[BlackElo "2273"]
[TimeControl "300"]
[EndTime "23:56:49 PDT"]
[Termination "Tatarinov_Maxim won by checkmate"]

1. e4 c5 2. b3 d6 3. Bb2 Nc6 4. Nf3 e5 5. Bb5 Ne7 6. Na3 g6 7. Be2 Bg7 8. Nc4 O-O 9. Ng5 h6 10. Nf3 b5 11. Ne3 Rb8 12. Nd5 Be6 13. Nxe7+ Qxe7 14.
O-O Kh7 15. d3 a5 16. Bc1 b4 17. Be3 Nd4 18. Nxd4 cxd4 19. Bd2 Rbc8 20. Qc1 Qc7 21.
c4 bxc3 22. Be1 a4 23. Qc2 axb3 24. axb3 Ra8 25. f4 Rxa1 26. f5 gxf5 27. exf5 Bxf5 28. Rxf5 Rxe1+ 29. Kf2 Ra1 30. Bd1 Qa5 31. Qe2 Ra2 32. Bc2 Rxc2 33. Qxc2 Ra8 34. Kg3 Qa2 35. Qd1 Qd2 36.
Qf3 Ra2 37. Rxf7 Qg5+ 38. Kh3 Qe3 39. Kg3 c2 40. Qxe3 dxe3 41. Rf1 Rb2 42. Rc1 Rxb3 43. Kf3 Rxd3 44. Rxc2 d5 45. Rc5 e4+ 46. Ke2 h5 47. Rc7 Kg6 48. h3 Bh6 49. g4 Rd2+ 50. Ke1 hxg4 51. hxg4 Kg5 52. Rd7 Kf4 53. g5 Bxg5 54.
Rf7+ Kg4 55. Rd7 Kf3 56. Rh7 Bf4 57. Rh3+ Bg3+ 58. Rxg3+ Kxg3 59. Kf1 Kf3 60. Ke1 Rd3 61. Kf1 Rd1# 0-1

[Event "Live Chess"]
[Site "Chess.com"]
[Date "2024.06.02"]
[Round "-"]
[White "willc-h99"]
[Black "GerardATHart"]
[Result "1-0"]
[WhiteElo "2627"]
[BlackElo "1378"]
[TimeControl "300"]
[EndTime "23:56:52 PDT"]
[Termination "willc-h99 won by resignation"]

1. Nf3 d5 2. e3 c5 3. b3 Nc6 4.
Bb2 Bg4 5. Bb5 f6 6. d4 a6 7. Be2 Qc7 8. O-O e5 9. dxe5 fxe5 10. Qxd5 Rd8 11. Qc4 Nf6 12. Rd1 Bd6 13. e4 b5 14.
Qd3 Nb4 15. Qd2 Nxe4 16. Qe3 Nxc2 17. Qxe4 Bxf3 18. Bxf3 Nxa1 19. Bxa1 O-O 20. Nc3 Rf4 21. Qe2 Rdf8 22. Nd5 Qf7 23. Nxf4 exf4 24. Bd5 1-0

[Event "Live Chess"]
[Site "Chess.com"]
[Date "2024.06.02"]
[Round "-"]
[White "upoe610"]
[Black "JoeyCage"]
[Result "0-1"]
[WhiteElo "2185"]
[BlackElo "2401"]
[TimeControl "300"]
[EndTime "23:56:55 PDT"]
[Termination "JoeyCage won by resignation"]

1. c4 e6 2. g3 d5 3. Bg2 Nf6 4. Nf3 Be7 5. O-O O-O 6. d4 Ne4 7. Qc2 c6 8. Nc3 Nxc3 9. bxc3 Nd7 10. e4 dxc4 11. e5 Nb6 12. h4 Nd5 13. Ng5 Bxg5 14. Bxg5 Qa5 15. Rac1 Bd7 16. Rfe1 b5 17. h5 h6 18.
Bxh6 gxh6 19. Qd2 Kg7 20. Re4 Rh8 21. Rg4+ Kf8 22. Bxd5 exd5 23. Rf4 Qd8 24. Rf6 Be6 25. Qf4 Qe7 26. a4 Ke8 27. Rb1 a6 28. Rf5 Bxf5 0-1

[Event "Live Chess"]
[Site "Chess.com"]
[Date "2024.06.02"]
[Round "-"]
[White "FlyingChessKestrel13"]
[Black "Duke_of_Bebington"]
[Result "1/2-1/2"]
[WhiteElo "2074"]
[BlackElo "1673"]
[TimeControl "300"]
[EndTime "23:57:03 PDT"]
[Termination "Game drawn by agreement"]

1. e4 e5 2. Nf3 Nf6 3. Nc3 Nc6 4.
Bb5 Nd4 5. Bc4 Nxe4 6. Nxe4 d5 7.
Nxe5 dxc4 8. O-O Be6 9. Re1 Be7 10. c3 Nf5 11. Qa4+ c6 12. g4 b5 13. Qa6 Nd6 14. Qxc6+ Kf8 15. Nxd6 Bxd6 16. Qxb5 Rb8 17. Qa6 Qc7 18.
Nxc4 Bxc4 19. Qa4 Bxh2+ 20. Kg2 Bd5+ 21. Kf1 Bc4+ 22. Kg2 h5 23. b3 Bd5+ 24. Kf1 hxg4 25. Ba3+ Kg8 26. Qxg4 Bf4 27. Re7 Rh1+ 28. Ke2 Bc4+ 29.
bxc4 Qxc4+ 30. Kf3 Rxa1 31. Qxf4 Qxf4+ 32. Kxf4 Rxa2 33. Bc5 Rxd2 34. Bxa7 Rf8 35. Bd4 f6 36. Ke3 Ra2 37.
Kd3 Raa8 38. c4 Rfe8 1/2-1/2

[Event "Live Chess"]
[Site "Chess.com"]
[Date "2024.06.02"]
[Round "-"]
[White "Tushinskiy"]
[Black "vincents82"]
[Result "1-0"]
[WhiteElo "2278"]
[BlackElo "2002"]
[TimeControl "300"]
[EndTime "23:57:18 PDT"]
[Termination "Tushinskiy won by resignation"]

1. d4 d5 2. c3 Nf6 3. Nf3 Bf5 4.
Bf4 e6 5. Nbd2 c5 6. Bg3 Nc6 7. e3 Qb6 8. Qc1 Be7 9. Be2 h6 10. O-O O-O 11. Re1 Ne4 12. Nxe4 Bxe4 13. Ne5 Nxe5 14. dxe5 Rfd8 15. h3 Rac8 16. Bf1 d4 17.
exd4 cxd4 18. Rxe4 dxc3 19. bxc3 Rd3 20. Bxd3 1-0

[Event "Live Chess"]
[Site "Chess.com"]
[Date "2024.06.02"]
[Round "-"]
[White "Ksenia_2013"]
[Black "JanMur7"]
[Result "0-1"]
[WhiteElo "970"]
[BlackElo "2260"]
[TimeControl "300"]
[EndTime "23:57:20 PDT"]
[Termination "JanMur7 won by checkmate"]

1. e4 g6 2. Nc3 Bg7 3. Bc4 c5 4.
Nf3 Nc6 5. O-O e6 6. b3 Nge7 7. Bb2 O-O 8. Ng5 d5 9. Qg4 dxc4 10.
Qh4 h6 11. Bc1 hxg5 12. Qxg5 cxb3 13. cxb3 Nf5 14. exf5 Qxg5 15. fxe6 Bxe6 16. Ne4 Qg4 17. Nxc5 Bxa1 18. Nxe6 fxe6 19. d3 Bd4 20. Bh6 Rxf2 21. Rxf2 Qd1# 0-1

[Event "Live Chess"]
[Site "Chess.com"]
[Date "2024.06.02"]
[Round "-"]
[White "Dhaydon19"]
[Black "Bradfield133"]
[Result "1-0"]
[WhiteElo "2673"]
[BlackElo "1872"]
[TimeControl "300"]
[EndTime "23:57:44 PDT"]
[Termination "Dhaydon19 won by resignation"]

1. d4 d6 2. Nf3 Bg4 3. g3 Nd7 4. Bg2 e5 5. dxe5 dxe5 6. O-O Ngf6 7. c4 Be7 8. Nc3 O-O 9. Qc2 c6 10. Rd1 Qc7 11. b3 Rfe8 12. Bb2 Rad8 13. Ng5 h6 14.
Nge4 Nxe4 15. Nxe4 Nf6 16. Nxf6+ Bxf6 17. Be4 Rxd1+ 18. Rxd1 Rd8 19. Rd3 Rxd3 20. Qxd3 Qe7 21. f3 Bc8 22. Bc1 Qd7 23. Be3 a6 24. g4 Bg5 25. Bxg5 Qxd3 26. exd3 hxg5 27. Kf2 f6 28. b4 Kf7 29. Ke3 Ke6 30. Bf5+ 1-0

[Event "Live Chess"]
[Site "Chess.com"]
[Date "2024.06.02"]
[Round "-"]
[White "matt1979"]
[Black "KeithArkell"]
[Result "0-1"]
[WhiteElo "1396"]
[BlackElo "2416"]
[TimeControl "300"]
[EndTime "23:58:06 PDT"]
[Termination "KeithArkell won by resignation"]

1. f4 d5 2. e3 Nf6 3. Nf3 Bg4 4. Be2 Nbd7 5. d4 Ne4 6. Nbd2 Ndf6 7. Nxe4 Nxe4 8.
Nd2 Bxe2 9. Qxe2 Nxd2 10. Bxd2 c6 11. O-O g6 12. Qg4 e6 13. Rf3 Qf6 14. Rg3 Qf5 15. Qxf5 gxf5 16. Rh3 h5 17. b3 Be7 18. Be1 Kd7 19.
Bh4 Ba3 20. Rd1 Rac8 21. Bf6 Rh7 22. c4 Be7 23. Bxe7 Kxe7 24. c5 a5 25. a3 b6 26.
b4 axb4 27. axb4 Ra8 28. Rc1 b5 29. Rf3 Ra3 30. Kf2 Rg7 31. g3 Ra2+ 32. Kg1 h4 33.
Rb1 h3 34. Rf2 Ra3 35. Rf3 Rg8 36. Rf2 Rga8 37. Rf3 Rd3 38. Kf2 Ra2+ 39. Kg1 Rdd2 40. g4 Rg2+ 41. Kf1 Rxh2 42. Rg3 Rh1+ 43. Rg1 Rxg1+ 44. Kxg1 fxg4 45. Kh1 Kf6 0-1

[Event "Live Chess"]
[Site "Chess.com"]
[Date "2024.06.02"]
[Round "-"]
[White "Crowded_House"]
[Black "MagnersCarlsberg2870"]
[Result "0-1"]
[WhiteElo "1688"]
[BlackElo "1826"]
[TimeControl "300"]
[EndTime "23:58:53 PDT"]
[Termination "MagnersCarlsberg2870 won by resignation"]

1. d4 e5 2. dxe5 Bc5 3. Nf3 d6 4. e3 Nc6 5. c3 f6 6. exd6 Bxd6 7. Bb5 Bd7 8. O-O Qe7 9. b3 Nh6 10. Bb2 Ng4 11. h3 h6 12. hxg4 h5 13. gxh5 Rxh5 14.
Nd4 Qf7 15. Nxc6 bxc6 16. Be2 Rh6 17. Bg4 g5 18. Bxd7+ Kxd7 19. Qg4+ f5 20. Qxg5 Bh2+ 21. Kh1 Bf4+ 22. Kg1 Bxg5 0-1

[Event "Live Chess"]
[Site "Chess.com"]
[Date "2024.06.02"]
[Round "-"]
[White "GerardATHart"]
[Black "FlyingChessKestrel13"]
[Result "0-1"]
[WhiteElo "1378"]
[BlackElo "2074"]
[TimeControl "300"]
[EndTime "23:58:55 PDT"]
[Termination "FlyingChessKestrel13 won by resignation"]

1. e4 c5 2. Nc3 Nc6 3. Bb5 a6 4.
Bxc6 bxc6 5. f4 g6 6. Nf3 Bg7 7. O-O d6 8. d3 Bg4 9. Be3 Nf6 10.
Qe1 O-O 11. h3 Bxf3 12. Rxf3 Rb8 13. b3 d5 14. e5 d4 15. exf6 Bxf6 16. Ne4 dxe3 17.
Nxf6+ exf6 18. Rxe3 Qd4 19. g3 Rfe8 20. Kf2 Rxe3 0-1

[Event "Live Chess"]
[Site "Chess.com"]
[Date "2024.06.02"]
[Round "-"]
[White "Tatarinov_Maxim"]
[Black "Crowded_House"]
[Result "1-0"]
[WhiteElo "2274"]
[BlackElo "1687"]
[TimeControl "300"]
[EndTime "23:59:59 PDT"]
[Termination "Tatarinov_Maxim won by resignation"]

1. Nf3 e6 2. g3 d5 3. Bg2 c5 4.
O-O Nc6 5. d4 Qb6 6. dxc5 Bxc5 7. Nc3 Qc7 8. Bf4 Bd6 9. Nb5 Qb8 10. Bxd6 Qxd6 11. Nxd6+ Kd7 12. Nxf7 1-0

[Event "Live Chess"]
[Site "Chess.com"]
[Date "2024.06.02"]
[Round "-"]
[White "vincents82"]
[Black "JanMur7"]
[Result "0-1"]
[WhiteElo "1999"]
[BlackElo "2263"]
[TimeControl "300"]
[EndTime "0:00:28 PDT"]
[Termination "JanMur7 won by resignation"]

1. e4 g6 2. d4 Bg7 3. Nc3 c5 4. Nf3 cxd4 5. Nxd4 Nc6 6. Be3 Nf6 7. Be2 d6 8. f3 h5 9. Qd2 Bd7 10. O-O a6 11.
Nd5 O-O 12. Nxc6 Bxc6 13. c4 Nxd5 14. cxd5 Bd7 15. Rac1 Rc8 16. Qb4 b5 17. Rxc8 Qxc8 18.
Rc1 Qb7 19. a4 Rc8 20. Rxc8+ Qxc8 21. axb5 axb5 22. Bxb5 Qb7 23. Qa5 Bxb5 24. Qd8+ Kh7 25.
g4 hxg4 26. fxg4 Qd7 0-1

[Event "Live Chess"]
[Site "Chess.com"]
[Date "2024.06.02"]
[Round "-"]
[White "Ksenia_2013"]
[Black "Dhaydon19"]
[Result "0-1"]
[WhiteElo "970"]
[BlackElo "2673"]
[TimeControl "300"]
[EndTime "0:00:57 PDT"]
[Termination "Dhaydon19 won by checkmate"]

1. d4 e6 2. e4 d5 3. exd5 exd5 4. Nf3 Nf6 5. Bg5 Be7 6. Bb5+ c6 7. Bd3 O-O 8. Ne5 Nbd7 9. Bxf6 Bxf6 10. Qh5 g6 11.
Nxg6 fxg6 12. Qh6 Bg5 13. Qh3 Ne5 14. Qg3 Bf4 15. dxe5 Bxg3 16. hxg3 Qg5 17. O-O Qxe5 18. Nc3 Bg4 19. Rfe1 Qd4 20. Re3 Rae8 21. Rae1 Rxe3 22.
fxe3 Qe5 23. e4 Qxg3 24. exd5 Qxe1+ 25. Kh2 Qh4+ 26. Kg1 Qf2+ 27. Kh2 Bf3 28. dxc6 Qxg2# 0-1

[Event "Live Chess"]
[Site "Chess.com"]
[Date "2024.06.02"]
[Round "-"]
[White "peteopeteo"]
[Black "ProfPoisson"]
[Result "1-0"]
[WhiteElo "1549"]
[BlackElo "1299"]
[TimeControl "300"]
[EndTime "0:00:58 PDT"]
[Termination "peteopeteo won by resignation"]

1. e4 e5 2. Nf3 Nf6 3. Nc3 Nc6 4. Bc4 Nxe4 5. Nxe4 d5 6. Bxd5 Qxd5 7. d3 Bg4 8.
h3 Bh5 9. g4 Bg6 10. Qe2 O-O-O 11. Bd2 Nd4 12. Nxd4 Qxd4 13. Bc3 Bb4 14. O-O-O Bxc3 15. Nxc3 Qb6 16. Qe3 Rhe8 17. Qxb6 axb6 18. h4 h5 19. f3 e4 20. dxe4 hxg4 21. Rxd8+ Rxd8 22. fxg4 c5 23. h5 Bh7 24. Rf1 f6 25. Re1 Kc7 26.
Nd5+ Kc6 27. c4 b5 28. b3 bxc4 29. bxc4 b5 30. cxb5+ Kxb5 31. Nc7+ Kc4 32. Ne6 Re8 33. Nxg7 Rxe4 34. Rxe4+ Bxe4 35. Nf5 Kd5 36. h6 Bxf5 37. gxf5 Kd6 38. h7 Ke5 39. h8=Q 1-0

[Event "Live Chess"]
[Site "Chess.com"]
[Date "2024.06.02"]
[Round "-"]
[White "Ferrarifan27"]
[Black "VIDYUTGANESH"]
[Result "1-0"]
[WhiteElo "2118"]
[BlackElo "1750"]
[TimeControl "300"]
[EndTime "0:01:06 PDT"]
[Termination "Ferrarifan27 won by resignation"]

1. e4 e5 2. Nf3 Nc6 3. Bb5 d6 4. O-O Ne7 5. d4 exd4 6. Nxd4 g6 7. Bg5 Bd7 8. Bf6 Rg8 9. Nxc6 bxc6 10. Bc4 Bg7 11.
Qf3 Be6 12. Bxe6 fxe6 13. Bxg7 Rxg7 14. Qf6 Rf7 15. Qxe6 Qd7 16. Qxd7+ Kxd7 17. Nc3 Raf8 18. Rad1 Ng8 19. f3 h5 20. Rfe1 g5 21. e5 Re7 22.
exd6 Rxe1+ 23. Rxe1 cxd6 24. Ne4 g4 25. fxg4 hxg4 26.
Rf1 Re8 27. Rf7+ Ke6 28. Rxa7 Kd5 29. Nc3+ Kd4 30. Ra4+ Ke3 31. Rxg4 Kd2 32. Rd4+ Kxc2 33. Rxd6 Kxb2 34. Rxc6 Ne7 35. Rc7 Nf5 36. Kf2 Nd4 37.
g4 Rg8 38. Kg3 Nf5+ 39. Kf4 Nd4 40. Rc4 Ne6+ 41. Kg3 Nd4 42. Rxd4 Kxc3 43. Rf4 Kb2 44. a4 Kb3 45. h4 1-0

[Event "Live Chess"]
[Site "Chess.com"]
[Date "2024.06.02"]
[Round "-"]
[White "Greenbecker"]
[Black "WeakOldFinished"]
[Result "0-1"]
[WhiteElo "1698"]
[BlackElo "2182"]
[TimeControl "300"]
[EndTime "0:01:43 PDT"]
[Termination "WeakOldFinished won by resignation"]

1. e4 e5 2. Nf3 Nf6 3. Nxe5 Nxe4 4. Nc3 Nxc3 5. dxc3 Qe7 6. Qe2 d6 7. Nf3 Qxe2+ 8.
Bxe2 Be7 9. O-O O-O 10. Re1 Bf6 11. Bd3 Nd7 12. Bf4 Nc5 13. Rad1 Nxd3 14. cxd3 Be6 15. a3 Rfe8 16. d4 Bd5 17. Nd2 h6 18. Kf1 b5 19.
f3 a5 20. Rxe8+ Rxe8 21. Re1 Rb8 22. Ne4 Bxe4 23. fxe4 b4 24. axb4 axb4 25. e5 dxe5 26. Bxe5 Bxe5 27. Rxe5 bxc3 28. bxc3 f6 29. Rc5 Rb7 30.
Ke2 Kf7 31. Kd3 Ke6 32. Kc4 Kd6 33. Rd5+ Ke6 34. Rc5 h5 35. Rxh5 Rb2 36. g3 g5 37.
Rh6 Kf5 38. Kd5 Rb5+ 39. Kc4 Rb7 40. h4 g4 41. d5 Rb2 42. Rh7 Rg2 43. Rxc7 Rxg3 44.
d6 Rg1 45. d7 Rd1 46. Rc5+ Ke6 47. h5 Rxd7 48. h6 g3 49. Rc6+ Kf5 50. Rc5+ Kg6 51.
h7 Rxh7 52. Rd5 f5 53. Kd3 Kg5 54. Ke3 Kg4 55. Rd1 f4+ 56. Ke2 Re7+ 57. Kf1 f3 58. c4 Rh7 59. Kg1 f2+ 60. Kf1 Rh1+ 0-1

[Event "Live Chess"]
[Site "Chess.com"]
[Date "2024.06.02"]
[Round "-"]
[White "MagnersCarlsberg2870"]
[Black "GerardATHart"]
[Result "1-0"]
[WhiteElo "1827"]
[BlackElo "1377"]
[TimeControl "300"]
[EndTime "0:01:55 PDT"]
[Termination "MagnersCarlsberg2870 won by resignation"]

1. d4 Nf6 2. Nf3 g6 3. Nc3 Bg7 4. e4 d6 5. h3 O-O 6. Bc4 Nbd7 7. e5 dxe5 8. dxe5 Nh5 9. g4 Nxe5 10. Nxe5 Bxe5 11. gxh5 Bf5 12. Qxd8 Raxd8 13. hxg6 Bxg6 14.
Bd2 Bh5 15. Rg1+ Kh8 16. Rg5 Bxc3 17. Bxc3+ f6 18. Rxh5 1-0

[Event "Live Chess"]
[Site "Chess.com"]
[Date "2024.06.02"]
[Round "-"]
[White "NAZRIZ1977"]
[Black "JohanKjeldahl"]
[Result "1-0"]
[WhiteElo "2105"]
[BlackElo "1853"]
[TimeControl "300"]
[EndTime "0:02:35 PDT"]
[Termination "NAZRIZ1977 won by resignation"]

1. c4 Nf6 2. g3 e5 3. Bg2 c6 4. d4 exd4 5. Qxd4 d5 6. Nf3 Bd6 7. cxd5 Nxd5 8. O-O O-O 9. Rd1 Be7 10. Nbd2 Be6 11.
a3 Qb6 12. Ne4 Nd7 13. b4 N7f6 14. Neg5 Qxd4 15. Nxd4 Nc7 16. Ngxe6 fxe6 17. Bb2 Ng4 18. Rf1 e5 19. Nb3 Rad8 20. h3 Nf6 21. Bxe5 Ncd5 22. Na5 Rd7 23. Rad1 Rfd8 24. h4 Kf7 25. Bh3 Ne4 26.
Bxd7 Rxd7 27. Rd3 g6 28. Rfd1 Ke6 29. Bb2 h5 30. Nb3 g5 31. Re3 Nf6 32. Rxd7 Kxd7 33. Bxf6 Nxf6 34. hxg5 1-0

[Event "Live Chess"]
[Site "Chess.com"]
[Date "2024.06.02"]
[Round "-"]
[White "Hoogleboogle"]
[Black "Isambard_Thomas"]
[Result "0-1"]
[WhiteElo "1330"]
[BlackElo "2172"]
[TimeControl "300"]
[EndTime "0:02:39 PDT"]
[Termination "Isambard_Thomas won by checkmate"]

1. d4 Nf6 2. c4 e5 3. Nc3 e4 4. Bg5 Bb4 5. e3 Bxc3+ 6. bxc3 h6 7. Bh4 d6 8. Ne2 g5 9. Bg3 Bf5 10. d5 Nbd7 11. Nd4 Bg6 12. Be2 Ne5 13. f4 exf3 14.
Nxf3 Nxf3+ 15. Bxf3 O-O 16. O-O Ne4 17. Qb3 Nxg3 18. hxg3 b6 19. Rae1 Qe7 20. Qb5 Bd3 21. Rf2 Qe5 22. Qd7 Rae8 23. Be2 Qxe3 24. Bxd3 Qxe1+ 25. Kh2 Qxf2 26. a4 Re5 27. a5 Re3 28. Bf5 Qxg3+ 29. Kg1 Re1# 0-1

[Event "Live Chess"]
[Site "Chess.com"]
[Date "2024.06.02"]
[Round "-"]
[White "f4nomore"]
[Black "AlanBstard10"]
[Result "0-1"]
[WhiteElo "1249"]
[BlackElo "1177"]
[TimeControl "300"]
[EndTime "0:02:53 PDT"]
[Termination "AlanBstard10 won on time"]

1. d4 Nf6 2. Bg5 h6 3. Bxf6 gxf6 4. Nf3 Bg7 5. e3 O-O 6. Nc3 Nc6 7. a3 e5 8. d5 Ne7 9. e4 Ng6 10. g3 d6 11. Bg2 Bg4 12. Qd2 Bxf3 13. Bxf3 a6 14. O-O Kh7 15. Bg4 Re8 16. Bf5 Kg8 17. f4 Ne7 18.
Bh3 exf4 19. Qxf4 Ng6 20. Qf3 Re5 21. Bf5 Qe8 22. Rae1 Ne7 23. Bh3 Ng6 24. b4 Rd8 25. Bg2 c6 26. dxc6 bxc6 27. Ne2 d5 28. Nd4 dxe4 29.
Rxe4 Rxe4 30. Qxe4 Qxe4 31. Bxe4 Rxd4 32. Bxc6 Rc4 33.
Bb7 Rxc2 34. Bxa6 Rb2 35. Rf3 Ne5 36. Rc3 Bf8 37. b5 Kg7 38. b6 Rxb6 39. Bf1 Rb1 40. Kg2 Ra1 41. h4 Rxa3 42. Rxa3 Bxa3 43. Kh3 Bd6 44. Be2 Ng6 45. h5 Ne5 46. g4 Nd7 47. Kh4 Bh2 48. Kh3 Bg1 49. Bd3 Bd4 50. Bf5 Ne5 51.
Kg2 Kf8 52. Kh3 Ke7 53. Kg3 Kd6 54. Kf4 Kd5 55. Be4+ Kc4 56. Kf5 Nd3 57. Bf3 Nf2 58. Be2+ Kd5 59. Bf3+ Kd6 60. Be2 Nh3 61. Bf3 Be5 62. Be4 Nf4 63. Bc2 Kd5 64. Be4+ Kd4 65. Bb1 Nh3 66. Be4 Ke3 67. Bc6 Bg3 68. Kxf6 Ng5 69.
Bd7 Bf4 70. Bf5 Kf3 0-1

[Event "Live Chess"]
[Site "Chess.com"]
[Date "2024.06.02"]
[Round "-"]
[White "JanMur7"]
[Black "Tatarinov_Maxim"]
[Result "1-0"]
[WhiteElo "2271"]
[BlackElo "2261"]
[TimeControl "300"]
[EndTime "0:03:45 PDT"]
[Termination "JanMur7 won by resignation"]

1. c4 Nf6 2. Nc3 g6 3. d4 Bg7 4. e4 d6 5. Be2 O-O 6. Bg5 c5 7. d5 b5 8. Nxb5 Nxe4 9. Be3 Bxb2 10. Rb1 Bg7 11. Nf3 a6 12. Bd3 axb5 13. Bxe4 bxc4 14. O-O Rxa2 15. Rxb8 Qa5 16. h4 c3 17. h5 Ra1 18.
Qxa1 Qxa1 19. Rxa1 1-0

[Event "Live Chess"]
[Site "Chess.com"]
[Date "2024.06.02"]
[Round "-"]
[White "Duke_of_Bebington"]
[Black "Crowded_House"]
[Result "1-0"]
[WhiteElo "1681"]
[BlackElo "1679"]
[TimeControl "300"]
[EndTime "0:04:06 PDT"]
[Termination "Duke_of_Bebington won - game abandoned"]

1. e4 e6 2. d4 d5 3. Nd2 dxe4 4.
Nxe4 Bd7 5. Nf3 Bc6 6. Bd3 Nd7 7.
O-O Ngf6 8. Re1 Nxe4 9. Bxe4 Bxe4 10. Rxe4 Nf6 11. Re1 Bd6 12. Bg5 Be7 13. c3 h6 14. Bh4 Nd5 15. Bxe7 Nxe7 16. Ne5 O-O 17. Re3 Qd6 18. Rh3 f6 19. Ng4 Qf4 20. Qe2 Kf7 21. g3 Qf5 22. Rxh6 Rh8 23. Rxh8 Rxh8 24. h4 1-0

[Event "Live Chess"]
[Site "Chess.com"]
[Date "2024.06.02"]
[Round "-"]
[White "Ocelot32"]
[Black "elephantgerrald"]
[Result "1-0"]
[WhiteElo "1375"]
[BlackElo "814"]
[TimeControl "300"]
[EndTime "0:04:07 PDT"]
[Termination "Ocelot32 won by checkmate"]

1. e4 e5 2. Nf3 Nc6 3. Bb5 Bc5 4.
O-O Nf6 5. c3 O-O 6. Re1 d6 7.
h3 Bxh3 8. gxh3 Qd7 9. Bxc6 bxc6 10. Kh2 Ng4+ 11. hxg4 Qxg4 12. Rg1 Qh5+ 13. Kg2 Qg4+ 14.
Kf1 Qf4 15. d4 Qxe4 16. dxc5 Qc4+ 17. Ke1 Qe4+ 18. Qe2 Qd5 19. Nbd2 Rfe8 20. Nb3 e4 21. Nfd4 dxc5 22. Qg4 g6 23. Ne2 c4 24. Nbd4 c5 25. Nb5 Rac8 26. Be3 Qd3 27. Na3 h5 28. Qxh5 Qd6 29.
Rd1 Qf6 30. Qh6 Qg7 31. Qxg7+ Kxg7 32. Bxc5 e3 33. Bxe3 f5 34. Nd4 c5 35. Nxf5+ Kf6 36. Nd6 Rxe3+ 37. fxe3 Rd8 38. Naxc4 Rxd6 39. Rxd6+ Kf5 40.
Rgxg6 Ke4 41. Rg4+ Kf3 42. Rg8 Ke4 43. Ra6 Kd3 44.
Rxa7 Kxc4 45. Rc8 Kd5 46. Rac7 Kd6 47. Rxc5 Ke6 48. R8c6+ Kd7 49. a4 Kd8 50. a5 Kd7 51. a6 Ke7 52. a7 Kd7 53. a8=R Ke7 54. Ra7+ Kd8 55. Rh6 Ke8 56. Rh8# 1-0

[Event "Live Chess"]
[Site "Chess.com"]
[Date "2024.06.02"]
[Round "-"]
[White "JoeyCage"]
[Black "Tushinskiy"]
[Result "0-1"]
[WhiteElo "2390"]
[BlackElo "2289"]
[TimeControl "300"]
[EndTime "0:04:16 PDT"]
[Termination "Tushinskiy won on time"]

1. e4 e5 2. Nf3 d6 3. d4 Bg4 4. dxe5 Nd7 5. exd6 Bxd6 6. Nc3 Qe7 7. h3 Bh5 8. Bc4 Ngf6 9. O-O O-O-O 10. Bg5 Ne5 11.
Be2 Nxf3+ 12. Bxf3 Bh2+ 13. Kxh2 Rxd1 14. Bxd1 Bxd1 15.
Raxd1 Qb4 16. Bxf6 gxf6 17. Rb1 c6 18. a3 Qc4 19.
Rbd1 Rd8 20. Rxd8+ Kxd8 21. Rd1+ Kc7 22. Rd3 a5 23.
Rf3 Qd4 24. g3 b5 25. Kg2 b4 26. axb4 axb4 27. Ne2 Qxb2 28. Nf4 Qxc2 29. Nh5 b3 30. Rxf6 Qxe4+ 31. f3 Qe2+ 32. Kg1 b2 33. Rxf7+ Kb6 0-1

[Event "Live Chess"]
[Site "Chess.com"]
[Date "2024.06.02"]
[Round "-"]
[White "juniortay"]
[Black "booktrunk"]
[Result "1-0"]
[WhiteElo "2407"]
[BlackElo "1508"]
[TimeControl "300"]
[EndTime "0:04:30 PDT"]
[Termination "juniortay won by resignation"]

1. e4 b6 2. d4 Bb7 3. Nc3 e6 4.
a3 h6 5. Nf3 Nf6 6. Bd3 a6 7.
Qe2 Nc6 8. O-O Qe7 9. Bd2 e5 10. dxe5 Nxe5 11. Nxe5 Qxe5 12. f4 Qh5 13. Qxh5 Nxh5 14.
e5 g6 15. Ne4 O-O-O 16. Rad1 Bxe4 17. Bxe4 c6 18. Bc3 Rg8 19. f5 gxf5 20. Rxf5 Ng7 21. Rxf7 Ne6 22. h4 Bc5+ 23. Kh2 h5 24. Bf5 Rgf8 25.
Rdxd7 Rxd7 26. Rxf8+ Nxf8 27. e6 Re7 28. Bf6 Bd6+ 29.
Kh3 Rxe6 30. Bg7 Kc7 31. Bxf8 Rf6 32. Bxd6+ Kxd6 33. g4 hxg4+ 34. Kxg4 Ke5 35. Bd3 Rf2 36. h5 Kf6 37. h6 Rg2+ 38. Kf3 Rh2 39. h7 Rh3+ 40.
Ke4 Kg7 41. Ke5 Rh5+ 42. Kd6 Rh6+ 43. Kc7 b5 44. b4 Rd6 45. Kxd6 1-0

[Event "Live Chess"]
[Site "Chess.com"]
[Date "2024.06.02"]
[Round "-"]
[White "Tatarinov_Maxim"]
[Black "AlanBstard10"]
[Result "1-0"]
[WhiteElo "2261"]
[BlackElo "1177"]
[TimeControl "300"]
[EndTime "0:05:46 PDT"]
[Termination "Tatarinov_Maxim won by resignation"]

1. Nf3 d5 2. g3 Nf6 3. Bg2 Bg4 4. c4 Bxf3 5. Bxf3 g6 6. cxd5 Nxd5 7. Qb3 c6 8. Qxb7 Nd7 9. O-O Bg7 10. Qxc6 e6 11. Nc3 Rc8 12. Qa4 Nxc3 13. bxc3 Rc7 14. Ba3 Bf8 15. Rab1 Bxa3 16. Qxa3 Qe7 17. Rb8+ 1-0

[Event "Live Chess"]
[Site "Chess.com"]
[Date "2024.06.02"]
[Round "-"]
[White "RichardABates"]
[Black "upoe610"]
[Result "1/2-1/2"]
[WhiteElo "2355"]
[BlackElo "2189"]
[TimeControl "300"]
[EndTime "0:05:50 PDT"]
[Termination "Game drawn - insufficient material"]

1. d4 Nf6 2. Nf3 c5 3. d5 b5 4.
Bg5 d6 5. Bxf6 exf6 6. e4 a6 7. a4 b4 8. Nbd2 g6 9. a5 Bg7 10. Nc4 O-O 11. h3 f5 12. exf5 Bxf5 13. Be2 Ra7 14. O-O Re7 15. Bd3 Bxd3 16. Qxd3 Rfe8 17. Rae1 Rxe1 18. Rxe1 Rxe1+ 19. Nxe1 Qe7 20. Nf3 Nd7 21. Kf1 f5 22. b3 Nf6 23. Nfd2 Nh5 24. Qe3 Qf7 25. Nxd6 Qxd5 26. Qd3 Qxd3+ 27. cxd3 Nf4 28.
Nb7 Nxd3 29. Ke2 Nf4+ 30. Kf3 Ne6 31. Ke3 Bd4+ 32. Kd3 Bxf2 33. Kc4 Be3 34. Nf3 Kf7 35. Kd5 Nf4+ 36. Kd6 c4 37. Ne5+ Ke8 38. Nxc4 Nxg2 39.
Kd5 Bf4 40. Nc5 Ne3+ 41. Nxe3 Bxe3 42. Nxa6 Kd7 43. Nxb4 h5 44. a6 Kc7 45. Nc2 Bf4 46.
Ke6 Bh2 47. Kf6 f4 48. Kxg6 h4 49. Ne1 Bg3 50. Nf3 Kb6 51. Kf5 Kxa6 52. Kg4 Kb5 53. Nxh4 Kb4 54. Nf5 Be1 55. Nd4 Kc3 56. Ne2+ Kxb3 57.
Kxf4 Kc4 58. Ng3 Kd5 59. h4 Ke6 60. h5 Kf7 61. Nf5 Bd2+ 62. Ke5 Kg8 63. Kf6 Kh7 64. Kf7 Bc1 65. h6 Bxh6 1/2-1/2

[Event "Live Chess"]
[Site "Chess.com"]
[Date "2024.06.02"]
[Round "-"]
[White "Bradfield133"]
[Black "KeithArkell"]
[Result "0-1"]
[WhiteElo "1871"]
[BlackElo "2417"]
[TimeControl "300"]
[EndTime "0:05:50 PDT"]
[Termination "KeithArkell won on time"]

1. c4 c5 2. g3 Nc6 3. Bg2 g6 4.
Nc3 Bg7 5. a3 Nf6 6. Rb1 a5 7. e4 d6 8. Nge2 O-O 9. O-O Bg4 10. f3 Bd7 11. d3 e5 12. h3 h6 13.
f4 exf4 14. Nxf4 Nd4 15. Be3 Bc6 16. Kh2 Nd7 17. Ncd5 Bxd5 18. Nxd5 Nb6 19. Qd2 Nxd5 20. cxd5 Kh7 21. b4 axb4 22. axb4 b6 23. bxc5 bxc5 24.
Rb7 Qe8 25. Qf2 Kg8 26. Qd2 g5 27. Rfb1 Be5 28. Rc7 Qd8 29. Rbb7 Qf6 30. Qf2 Qxf2 31. Bxf2 Ra2 32. Kg1 Ne2+ 33. Kf1 Nxg3+ 34. Bxg3 Bxg3 35. Rc6 Kg7 36. Rcb6 Be5 37. Rb8 Rxb8 38. Rxb8 h5 39. Bf3 g4 40. hxg4 h4 41. Bg2 Bd4 42. e5 Bxe5 43. Be4 h3 44. Rb7 h2 45. g5 Ra1+ 46.
Kg2 h1=Q+ 0-1

[Event "Live Chess"]
[Site "Chess.com"]
[Date "2024.06.02"]
[Round "-"]
[White "Isambard_Thomas"]
[Black "NAZRIZ1977"]
[Result "0-1"]
[WhiteElo "2162"]
[BlackElo "2115"]
[TimeControl "300"]
[EndTime "0:06:14 PDT"]
[Termination "NAZRIZ1977 won by resignation"]

1. d4 Nf6 2. Nf3 g6 3. Bg5 Bg7 4. e3 O-O 5. Bd3 d5 6. Nbd2 c5 7. c3 Nc6 8. Qe2 Nd7 9. O-O-O c4 10. Bc2 f5 11. h4 b5 12. h5 b4 13. hxg6 hxg6 14.
Nxc4 bxc3 15. bxc3 Ba6 16. Bb3 Na5 17. Nxa5 Bxe2 18.
Nc6 Qc7 19. Nxe7+ Kf7 20. Bxd5+ Ke8 21. Bxa8 Qxc3+ 0-1